 Dungeon Crawl Stone Soup version 0.31-a0-1066-g35875b34c7 (webtiles) character file.

Game seed: 13131000393260863736

58 Chiseanne the Cutter (level 3, -3/27 HPs)
             Began as a Demonspawn Wanderer on Nov 22, 2023.
             Succumbed to a scorpion's poison
             ... on level 3 of the Dungeon.
             The game lasted 00:04:19 (1793 turns).

Chiseanne the Cutter (Demonspawn Wanderer)          Turns: 1793, Time: 00:04:20

Health: -3/27      AC:  6    Str: 14    XL:     3   Next: 75%
Magic:  3/3        EV:  9    Int: 13    God:
Gold:   111        SH:  0    Dex: 12    Spells: 2/2 levels left

rFire   . . .        a - +2 whip (venom)
rCold   . . .        (no shield)
rNeg    . . .        g - +0 scale mail
rPois   .            (no helmet)
rElec   .            (no cloak)
rCorr   .            (no gloves)
SInv    .            (no boots)
Will    .....        (no amulet) Stlth
                     (no ring)
HPRegen 0.24/turn    (no ring)
MPRegen 0.16/turn

%: no passive effects
@: lethally poisoned (-3 -> -30)
A: magic regeneration
a: no special abilities


You were on level 3 of the Dungeon.
You visited 1 branch of the dungeon, and saw 3 of its levels.

You collected 111 gold pieces.

Inventory:

Hand Weapons
 a - a +2 whip of venom (weapon)
 b - a +0 falchion
 d - a +0 dagger
 f - a +0 mace
 s - a +2 short sword
Missiles
 c - 11 poisoned darts (quivered)
 k - 13 stones
Armour
 g - a +0 scale mail (worn)
 q - an orb of wrath
Jewellery
 i - a ring of magical power
Scrolls
 e - a scroll of fear
 h - 2 scrolls of identify
 j - a scroll of enchant weapon {unknown}
 n - a scroll of noise {unknown}
 o - a scroll of blinking
 p - a scroll of amnesia {unknown}
 r - a scroll of teleportation
Potions
 l - 2 potions of curing
 m - 2 potions of magic


   Skills:
 * Level 2.3 Fighting
 - Level 4.5(4.7) Short Blades
 - Level 1.7(3.3) Long Blades
 - Level 1.0 Throwing
 * Level 1.5 Armour
 * Level 2.0 Dodging


You had 2 spell levels left.
You didn't know any spells.
Your spell library contained the following spells:

 Spells                   Type           Power      Damage    Failure   Level
 Dazzling Flash           Conj/Hex       0%         N/A       99%         3
 Volatile Blastmotes      Fire/Tloc      0%         2d10      99%         3
 Starburst                Conj/Fire      0%         6d3       100%        6
 Maxwell's Capacitive Co  Air            0%         ∞         100%        8


Dungeon Overview and Level Annotations

Branches:
Dungeon (3/15)

Altars:

Shops:
D:2 *


Innate Abilities, Weirdness & Mutations

You regenerate magic rapidly.


Message History

A hobgoblin comes into view.
The hobgoblin shouts!
Found a leather armour.
You hit the hobgoblin.
The hobgoblin is poisoned.
The hobgoblin is moderately wounded.
The hobgoblin hits you but does no damage.
You hit the hobgoblin.
The hobgoblin is almost dead.
A ball python comes into view.
The hobgoblin hits you.
The ball python hisses angrily.
You hit the hobgoblin.
You kill the hobgoblin!
A scorpion comes into view.
The ball python closely misses you. The ball python grabs you.
The ball python constricts you.
You see here a hobgoblin corpse.
You whack the ball python!
You kill the ball python!
You barely miss the scorpion. The scorpion stings you.
You are poisoned.
The scorpion poisons you!
You closely miss the scorpion.
You feel very sick.
The scorpion stings you but does no damage.
You hit the scorpion but do no damage.
The scorpion is poisoned.
You feel very sick. The scorpion stings you.
You are lethally poisoned!
The scorpion poisons you! The scorpion stings you.
You are more poisoned.
The scorpion poisons you!
You hit the scorpion.
The scorpion looks as sick as possible!
The scorpion is heavily wounded.
* * * LOW HITPOINT WARNING * * *
You feel extremely sick. The scorpion closely misses you.
You hit the scorpion.
You kill the scorpion!
You die...

#..<.......
#.#.####### #...#
######.#####
#..........#
#..........+
............#
......##....#
...... #...@#
............†......
..[................
.###...............
[...............
................
................
...............


There were no monsters in sight!

Vanquished Creatures
  A scorpion (D:3)
  An adder (D:2)
  A worm (D:2)
  4 endoplasms (D:2)
  2 giant cockroaches (D:1)
  6 goblins
  4 hobgoblins
  4 quokkas
  5 ball pythons
  4 bats
  5 frilled lizards
  2 kobolds
  7 rats
46 creatures vanquished.

Notes
Turn   | Place    | Note
-------+----------+-------------------------------------------
     0 | D:1      | Chiseanne the Demonspawn Wanderer began the quest for the
                  | Orb.
     0 | D:1      | Chiseanne set off with the following items: a +2 short
                  | sword, a +0 falchion, 11 poisoned darts, a +0 dagger, a
                  | scroll of fear, a +0 leather armour.
     0 | D:1      | Reached XP level 1. HP: 15/15 MP: 1/1
   243 | D:1      | Gained mutation: You regenerate magic rapidly. [demonic
                  | ancestry]
   243 | D:1      | Reached XP level 2. HP: 12/21 MP: 2/2
   534 | D:1      | Reached skill level 1 in Armour
   886 | D:2      | Reached XP level 3. HP: 24/27 MP: 3/3
   946 | D:2      | Found a faded altar of an unknown god.
  1204 | D:2      | Found Luxotsat's General Store.
  1787 | D:3      | Noticed a scorpion
  1793 | D:3      | Killed a scorpion
  1793 | D:3      | Succumbed to a scorpion's poison

Illustrated notes

Levels and vault maps discovered:
D:1:      dpeg_arrival_pits, layout_loops_ring, minmay_cupped
D:2:      layout_basic, shapermc_ecumenical_altar_flowoftime, serial_shops,
          shop, minmay_unequal
D:3:      layout_basic, mainiacjoe_overflow_small_starburst,
          grunt_ministairs_10, uniq_sigmund

Skill      XL: |  1  2  3 |
---------------+----------+-----
Armour         | 1 |  1.5
Fighting       | 2 |  2.3
Dodging        | 2 |  2.0
Short Blades   | |  4.5
Long Blades    | |  1.7
Throwing       | |  1.0

Action                     || total
---------------------------++-------
  Melee: Short sword       ||    40
         Whip              ||    99
         Punch             ||     2
    Use: Scroll            ||     5
 Armour: Scale mail        ||   103
  Dodge: Dodged            ||    51

Table legend: (Time is in decaauts)
 A = Elapsed time spent in this place.
 B = Non-inter-level travel time spent in this place.
 C = Inter-level travel time spent in this place.
 D = Time resting spent in this place.
 E = Time spent auto-exploring this place.
 F = Levels seen in this place.
 G = Mean time per level.
                   A        B        C        D        E       F      G
               +--------+--------+--------+--------+--------+-----+--------+
         Total |   1792 |   1759 |     33 |     84 |   1258 |   3 |  597.3 |
       Dungeon |   1792 |   1759 |     33 |     84 |   1258 |   3 |  597.3 |
               +--------+--------+--------+--------+--------+-----+--------+

Top non-repeatable levels by time:
     D:2: 914 daAuts
     D:1: 859 daAuts
     D:3: 17 daAuts
